 Dungeon Crawl Stone Soup version 0.24.0-125-gc4c63601f3 (webtiles) character file.

Game seed: 11066512723587663438, levelgen mode: deterministic

675035 Johnny the Wrestler (level 27, -9/265 HPs)
             Began as a Troll Berserker on Mar 2, 2020.
             Was the Champion of Cheibriados.
             Mangled by an acid blob (19 damage)
             ... created by the Royal Jelly
             ... on level 5 of the Pits of Slime.
             The game lasted 01:59:05 (59646 turns).

Johnny the Wrestler (Troll Berserker)              Turns: 59646, Time: 01:59:06

Health: -9/265     AC:  3    Str: 57      XL:     27
Magic:  0/23       EV: 26    Int: 20      God:    Cheibriados [******]
Gold:   2699       SH:  0    Dex: 25 (26) Spells: 16/42 levels left

rFire    + . .     SeeInvis .     - Unarmed
rCold    + . .     Gourm    +   (shield currently unavailable)
rNeg     . . .     Faith    .   h - +0 acid dragon scales
rPois    +         Spirit   +   F - +2 hat {MR+}
rElec    +         Reflect  .   v - scarf {Spirit}
rCorr    +         Harm     .   (gloves unavailable)
MR       +++..     Clarity  +   (boots unavailable)
Stlth    +++++.....             s - amulet of Gybb {rF+ rC+ Regen+}
HPRegen  1.34/turn              P - ring of Moissed {rPois Slay+6}
MPRegen  0.18/turn              E - ring "Dyxzet" {rElec Int+2 Slay+2}

@: blade hands, marked, corroded, very slow
A: large, unfitting armour, claws 3, iridescent scales 1, rugged brown scales 1,
thin skeletal structure 1, blurry vision 1, clarity, deterioration 1, fast
metabolism 3, frail 1, gourmand, low mp 3, poison resistance, regeneration 1,
shaggy fur 1, tough skin 3, wild magic 1, no potion heal 1
}: 4/15 runes: decaying, silver, abyssal, gossamer
a: End Transformation, Bend Time, Temporal Distortion, Slouch, Step From Time,
Renounce Religion


You were on level 5 of the Pits of Slime.
You worshipped Cheibriados.
Cheibriados was exalted by your worship.
You were full.
You had blades for hands.
You visited 10 branches of the dungeon, and saw 50 of its levels.
You visited the Abyss 1 time.
You also visited: Gauntlet and Ice Cave.

You collected 7850 gold pieces.
You spent 5151 gold pieces at shops.

Inventory:

Missiles
 t - 2 throwing nets (quivered)
Armour
 h - +0 acid dragon scales (worn)
 k - +2 shadow dragon scales
 v - a scarf of spirit shield (worn)
 z - the +1 cloak of Decompression {rPois MR+}
   (You found it on level 3 of the Depths)

   It protects you from poison.
   It affects your resistance to hostile enchantments.
 B - the +3 hat of Pondering {ponderous, MR+ MP+10 Int+5}
   (You found it on level 4 of the Vaults)

   It affects your intelligence (+5).
   It affects your resistance to hostile enchantments.
   It affects your magic capacity (+10).
 F - a +2 hat of magic resistance (worn)
 G - the +4 hat of Good Intentions {rPois Str+5 Dex-2}
   (You found it on level 2 of the Vaults)

   It affects your strength (+5).
   It affects your dexterity (-2).
   It protects you from poison.
 I - the +0 cloak of Inference {*Drain rF++ rC+ SInv}
   (You found it on level 4 of the Abyss)

   It greatly protects you from fire.
   It protects you from cold.
   It lets you see invisible.
   It causes draining when unequipped.
 W - +6 gold dragon scales
Jewellery
 n - the ring "Unevutab" {*Contam rC+ Str+2 Int+6}
   (You took it off a deep elf demonologist on level 3 of the Depths)

   [ring of protection from cold]

   It affects your strength (+2).
   It affects your intelligence (+6).
   It protects you from cold.
   It causes magical contamination when unequipped.
 s - the amulet of Gybb (around neck) {rF+ rC+ Regen+}
   (You took it off a fire giant on level 3 of the Vaults)

   [amulet of regeneration]

   It protects you from fire.
   It protects you from cold.
   It increases your rate of regeneration.
 E - the ring "Dyxzet" (right scythe-like blade) {rElec Int+2 Slay+2}
   (You found it on level 14 of the Dungeon)

   [ring of slaying]

   It affects your intelligence (+2).
   It affects your accuracy and damage with ranged weapons and melee attacks
   (+2).
   It insulates you from electricity.
 P - the ring of Moissed (left scythe-like blade) {rPois Slay+6}
   (You found it in a Gauntlet)

   [ring of poison resistance]

   It affects your accuracy and damage with ranged weapons and melee attacks
   (+6).
   It protects you from poison.
 T - an uncursed amulet of faith
 V - the ring "Ofucead" {rC+ rN+ MR+ Dex+2 SInv}
   (You found it on level 5 of the Vaults)

   [ring of positive energy]

   It affects your dexterity (+2).
   It protects you from cold.
   It protects you from negative energy.
   It affects your resistance to hostile enchantments.
   It lets you see invisible.
Wands
 R - a wand of digging (29)
 S - a wand of acid (16)
Scrolls
 e - 8 scrolls of fog
 g - 24 scrolls of remove curse
 j - 11 scrolls of teleportation
 l - 4 scrolls of vulnerability
 w - 2 scrolls of silence
 H - 8 scrolls of magic mapping
 K - 3 scrolls of holy word
 L - a scroll of fear
 Q - 8 scrolls of identify
 U - 5 scrolls of immolation
Potions
 c - 3 potions of berserk rage
 d - 8 potions of flight
 f - 20 potions of curing
 i - a potion of ambrosia
 m - 9 potions of lignification
 p - 4 potions of heal wounds
 u - a potion of magic
 x - 2 potions of mutation
 A - 11 potions of might
 C - 6 potions of invisibility
 D - 13 potions of brilliance
 N - 4 potions of cancellation
 O - 4 potions of agility
 Y - 6 potions of resistance
 Z - 8 potions of haste
Miscellaneous
 a - a lightning rod (4/4)
 o - a phial of floods
 r - 4 phantom mirrors
 y - 3 sacks of spiders
 J - 3 boxes of beasts
 M - a lamp of fire
Comestibles
 b - 89 rations


   Skills:
 - Level 18.8 Fighting
 - Level 16.7 Armour
 - Level 16.9 Dodging
 + Level 9.5 Stealth
 - Level 21.7 Unarmed Combat
 - Level 8.1 Spellcasting
 + Level 9.7 Translocations
 + Level 11.9 Transmutations
 - Level 10.0 Invocations


You had 16 spell levels left.
You knew the following spells:

 Your Spells              Type           Power        Failure   Level  Hunger
a - Blink                 Tloc           N/A          14%         2    None
b - Shroud of Golubria    Chrm/Tloc      #####.       28%         2    None
c - Mephitic Cloud        Conj/Pois/Air  ##......     77%         3    None
d - Regeneration          Chrm/Necr      ##........   77%         3    None
e - Passwall              Tmut/Erth      #####...     22%         2    None
f - Blade Hands           Tmut           ######....   28%         5    #####..
g - Infusion              Chrm           ##..         52%         1    None
h - Deflect Missiles      Chrm/Air       ##........   100%        6    ######.
i - Song of Slaying       Chrm           ##......     61%         2    None

Your spell library contained the following spells:

 Spells                   Type           Power        Failure   Level  Hunger
 Beastly Appendage        Tmut           ######       10%         1    None
 Sticks to Snakes         Tmut           ######..     11%         2    None
 Apportation              Tloc           ######       12%         1    None
 Gell's Gravitas          Tloc           ######....   17%         3    None
 Lesser Beckoning         Tloc           ######....   17%         3    None
 Teleport Other           Tloc           ######..     17%         3    None
 Passage of Golubria      Tloc           N/A          26%         4    ###....
 Spider Form              Tmut/Pois      #####.....   30%         3    None
 Portal Projectile        Hex/Tloc       #####.       36%         3    None
 Recall                   Summ/Tloc      N/A          36%         3    None
 Ignite Poison            Fire/Tmut/Pois ####....     41%         3    None
 Ice Form                 Ice/Tmut       #####...     50%         4    ###....
 Petrify                  Tmut/Erth      #####...     50%         4    ###....
 Animate Skeleton         Necr           N/A          52%         1    None
 Confusing Touch          Hex            ##....       52%         1    None
 Corona                   Hex            ##.....      52%         1    None
 Flame Tongue             Conj/Fire      ##...        52%         1    None
 Pain                     Necr           ##..         52%         1    None
 Sandblast                Erth           ##....       52%         1    None
 Shock                    Conj/Air       ##..         52%         1    None
 Sting                    Conj/Pois      ##..         52%         1    None
 Summon Small Mammal      Summ           ##..         52%         1    None
 Poisonous Vapours        Pois/Air       ##....       61%         2    None
 Slow                     Hex            ##......     61%         2    None
 Sublimation of Blood     Necr           ##........   61%         2    None
 Swiftness                Chrm/Air       ##......     61%         2    None
 Alistair's Intoxication  Tmut/Pois      #####...     71%         5    #####..
 Irradiate                Conj/Tmut      #####.....   71%         5    #####..
 Yara's Violent Unravell  Hex/Tmut       #####.....   71%         5    #####..
 Confuse                  Hex            ##......     77%         3    None
 Inner Flame              Hex/Fire       ##......     77%         3    None
 Spectral Weapon          Hex/Chrm       ##......     77%         3    None
 Static Discharge         Conj/Air       ##......     77%         3    None
 Stone Arrow              Conj/Erth      ##....       77%         3    None
 Vampiric Draining        Necr           ##........   77%         3    None
 Summon Forest            Summ/Tloc      #####.....   82%         5    #####..
 Dragon Form              Tmut           ######....   91%         7    #######
 Airstrike                Air            ##........   96%         4    ###....
 Animate Dead             Necr           N/A          96%         4    ###....
 Cause Fear               Hex            ##........   96%         4    ###....
 Leda's Liquefaction      Hex/Erth       ##........   96%         4    ###....
 Olgreb's Toxic Radiance  Pois           ##......     96%         4    ###....
 Sticky Flame             Conj/Fire      ##......     96%         4    ###....
 Aura of Abjuration       Summ           ##........   100%        5    #####..
 Bolt of Magma            Conj/Fire/Erth ##........   100%        5    #####..
 Fireball                 Conj/Fire      ##........   100%        5    #####..
 Iskenderun's Battlesphe  Conj/Chrm      ##......     100%        5    #####..
 Lee's Rapid Deconstruct  Erth           ##........   100%        5    #####..
 Lightning Bolt           Conj/Air       ##........   100%        5    #####..
 Metabolic Englaciation   Hex/Ice        ##........   100%        5    #####..
 Silence                  Hex/Air        ##........   100%        5    #####..
 Summon Demon             Summ           ##........   100%        5    #####..
 Summon Mana Viper        Hex/Summ       ##......     100%        5    #####..
 Venom Bolt               Conj/Pois      ##........   100%        5    #####..
 Bolt of Cold             Conj/Ice       ##........   100%        6    ######.
 Bolt of Fire             Conj/Fire      ##........   100%        6    ######.
 Freezing Cloud           Conj/Ice/Air   ##........   100%        6    ######.
 Iron Shot                Conj/Erth      ##........   100%        6    ######.
 Ozocubu's Refrigeration  Ice            ##........   100%        6    ######.
 Poison Arrow             Conj/Pois      ##........   100%        6    ######.
 Shadow Creatures         Summ           N/A          100%        6    ######.
 Simulacrum               Ice/Necr       ##........   100%        6    ######.
 Orb of Destruction       Conj           ##........   100%        7    #######
 Ring of Flames           Chrm/Fire      ##........   100%        7    #######
 Spellforged Servitor     Conj/Summ      ##........   100%        7    #######
 Chain Lightning          Conj/Air       ##........   100%        8    #######
 Discord                  Hex            ##........   100%        8    #######
 Ignition                 Fire           ##........   100%        8    #######
 Lehudib's Crystal Spear  Conj/Erth      ##........   100%        8    #######
 Dragon's Call            Summ           ##........   100%        9    #######
 Fire Storm               Conj/Fire      ##........   100%        9    #######
 Glaciate                 Conj/Ice       ##........   100%        9    #######


Dungeon Overview and Level Annotations

Branches:
Dungeon (15/15)            Temple (1/1) D:6            Lair (6/6) D:9
  Swamp (4/4) Lair:4       Spider (4/4) Lair:3        Slime (5/5) Lair:6
    Orc (2/2) D:11            Elf (3/3) Orc:2        Vaults (5/5) D:13
  Crypt (0/3) Vaults:2     Depths (5/5) D:15            Zot (0/5) Depths:5
  IceCv (visited)         Gauntlet (visited)

Altars:
Ashenzari
Cheibriados
Dithmenos
Elyvilon
Fedhas
Gozag
Hepliaklqana
Kikubaaqudgha
Makhleb
Nemelex Xobeh
Okawaru
Qazlal
Ru
Sif Muna
Trog
Uskayaw
Vehumet
Wu Jian
Xom
Yredelemnul
Zin
The Shining One

Shops:
D:11 *   D:13 !   D:14 *   Orc:2 (}?   Vaults:2 [   Vaults:3 *   Depths:1 [
Depths:2 *(}

Portals:
Hell: Lair:6 Depths:1 Depths:2 Depths:3 Depths:4 Depths:5
Abyss: Depths:4 Depths:5
Pandemonium: Orc:2 Depths:1 Depths:2 Depths:3 Depths:5
Ziggurat: Depths:5

Annotations:
Depths:4 3 runed translucent doors


Innate Abilities, Weirdness & Mutations

You are too large for most types of armour.
You have claws for hands.
Your metabolism is lightning-fast.
You like to eat raw meat.
Your natural rate of healing is unusually fast.
You are covered in fur. (AC +1)
You have extremely tough skin. (AC +3)
You are partially covered in iridescent scales. (AC +2)
You are partially covered in rugged brown scales. (AC +1, +3% HP)
You have a somewhat thin skeletal structure. (Dex +2, Stealth)
Scrolls take you a little longer to read.
You possess an exceptional clarity of mind.
Your body sometimes deteriorates upon taking damage.
You are frail. (-10% HP)
Your magical capacity is extremely low. (-30% MP)
Your system is resistant to poisons. (rPois)
Your spells are a little harder to cast, but a little more powerful.
Potions are less effective at restoring your health.


Message History

You feel much better. The azure jelly misses you.
The azure jelly closely misses you. The azure jelly hits you.
* * * LOW HITPOINT WARNING * * *
The azure jelly misses you. The acid blob spits acid at you.
The splash of acid hits you. You resist.
* * * LOW HITPOINT WARNING * * *
You are splashed with acid.
You resist.
* * * LOW HITPOINT WARNING * * *
The death ooze barely misses you. The death ooze completely misses you.
Unknown command.
Magic courses through your body. The death ooze completely misses you.
The death ooze closely misses you. The acid blob spits acid at you.
The splash of acid hits you! You resist.
* * * LOW HITPOINT WARNING * * *
The acid corrodes you!
You are splashed with acid.
You resist.
* * * LOW HITPOINT WARNING * * *
The acid blob hits you!!!
You die...

.......................
.......................
.......................
.......................
..#..#.................
####.####............
#..##?##.............
#.##.:$##............
?|?##..##J@%###..........
()φ:!...JJJJJ)##......G....
[/[:.....JJJJ.##...........
#!?.)....J.J.####..........
##..........####J..........
#.....G......#JJ............
...............##...........
##..........####............
)).}....).($ #............


You could see 5 acid blobs, 3 azure jellies, a glowing orange brain and 4 death
oozes.

Vanquished Creatures
  the Royal Jelly (Slime:5)
  2 ancient liches
  A juggernaut (Depths:3)
  Sojobo (Vaults:2)
  Boris (Vaults:5)
  Frederick (Vaults:2)
  Saint Roka (Depths:1)
  Nikola (Depths:1)
  A caustic shrike (Depths:3)
  A profane servitor (Abyss:5)
  7 golden dragons
  Arachne (Spider:4)
  6 bone dragons
  The ghost of Nextoit the Geomancer, an adept OgEE of Vehumet (Spider:4)
  9 liches
  The ghost of fritzmikael the Earth Mage, an adept GrEE of Uskayaw (Vaults:2)
  5 tentacled monstrosities
  Jorgrun (D:15)
  Rupert (Vaults:2)
  A deep elf master archer (Elf:3)
  2 titans (Vaults:5)
  30 acid blobs
  2 deep elf blademasters (Elf:3)
  2 sphinxes (Vaults:2)
  A quicksilver dragon (Depths:5)
  A kraken (Abyss:2)
  4 thorn hunters
  Agnes (D:15)
  3 Executioners (Abyss:1)
  16 tentacled starspawn
  Gastronok (D:8)
  4 tengu reavers
  8 shadow dragons
  Roxanne (Spider:4)
  7 storm dragons
  The ghost of barcode the Fencer, an adept BaAs of Okawaru (Spider:2)
  2 draconian monks
  2 daevas (Abyss:1)
  3 revenants
  8 azure jellies
  8 deep elf sorcerers
  8 fire giants
  Louise (Spider:4)
  A draconian knight (Vaults:2)
  4 ghost moths
  Aizul (Elf:1)
  11 frost giants
  A balrug (Abyss:4)
  3 iron dragons
  4 cacodemons
  2 emperor scorpions (Spider:4)
  10 vault wardens
  A draconian shifter (Depths:5)
  23 very ugly things
  An orc warlord (Vaults:3)
  7 deep elf elementalists
  An angel (Abyss:2)
  33 stone giants
  A ghoul (Vaults:5)
  2 reapers (Abyss:2)
  2 war gargoyles
  An ophan (Abyss:1)
  A spriggan defender (Vaults:2)
  20 ironheart preservers
  2 yellow draconians
  5 entropy weavers
  The ghost of Logh the Basher, a journeyman GrMo of Gozag (Spider:4)
  3 black draconians (Depths:5)
  A green draconian (Depths:5)
  A purple draconian (Abyss:1)
  7 deep elf demonologists
  3 vampire knights
  2 deep elf annihilators (Elf:3)
  3 spark wasps (Spider:4)
  A red draconian (Abyss:1)
  2 lorocyprocas
  2 blizzard demons
  2 white draconians
  3 green deaths
  A dire elephant (Lair:6)
  4 merfolk javelineers
  12 ettins
  2 jiangshi (Depths:1)
  A deep elf death mage (Vaults:4)
  2 crystal guardians
  Josephine (D:10)
  A merfolk impaler (Depths:3)
  6 fire dragons
  3 eidola
  7 death oozes
  Fannar (D:10)
  14 deep elf high priests
  23 hydras
  20 yaktaur captains
  4 rakshasas
  8 great orbs of eyes
  9 ice dragons
  2 quicksilver dragon skeletons (Abyss:2)
  A hell beast (Depths:3)
  A ghost crab (Swamp:3)
  37 vault guards
  A catoblepas (Vaults:3)
  3 spriggan air magi
  3 shambling mangroves
  The ghost of Hesoupp the Covert, a journeyman SpWz (D:14)
  2 death knights
  4 centaur warriors
  48 two-headed ogres
  8 alligators
  5 deep troll earth magi
  34 dancing weapons
  A spriggan berserker (Depths:5)
  18 ogre magi
  4 orc high priests (Orc:2)
  7 tengu warriors
  11 hell hogs
  39 small abominations
  3 vampire magi
  Urug (D:10)
  21 thrashing horrors
  2 deep troll shamans
  18 wretched stars
  4 death yaks (Gauntlet)
  23 deep elf knights
  2 titan skeletons
  4 skeletal warriors (Vaults:1)
  A soul eater (Depths:1)
  3 sun demons
  A storm dragon zombie (Vaults:4)
  8 sixfirhies
  2 fire crabs (shapeshifter)
  3 infernal demonspawn
  3 shadow wraiths
  14 deep trolls
  9 swamp dragons
  9 hell knights
  3 iron trolls (Abyss:1)
  3 spriggan druids
  5 spatial maelstroms
  3 unseen horrors
  A storm dragon skeleton (Abyss:1)
  A swamp dragon (shapeshifter) (Vaults:4)
  A death drake (Abyss:1)
  A shadow demon (Depths:5)
  A gelid demonspawn (Depths:1)
  8 glowing orange brains
  5 flayed ghosts
  A torturous demonspawn (Orc:2)
  A shadow dragon zombie (Abyss:1)
  5 wizards
  16 ironbrand convokers
  21 deep elf archers
  An anaconda skeleton (Abyss:1)
  A tengu zombie (Vaults:4)
  39 wolf spiders
  3 phantasmal warriors
  Pikel (D:6)
  A mana viper (Abyss:1)
  15 orc knights
  20 orb spiders
  An orb spider (shapeshifter) (Depths:3)
  2 wolf spiders (shapeshifter)
  3 necromancers
  A shadow dragon skeleton (Abyss:2)
  5 harpies
  An oklob plant (Lair:6)
  9 orc sorcerers
  79 deep elf magi
  51 ugly things
  3 manticores
  13 shining eyes
  18 cyclopes
  A salamander (shapeshifter) (Depths:1)
  14 worldbinders
  3 elephants (Lair:2)
  A stone giant zombie (Vaults:4)
  A moth of wrath (D:14)
  Maurice (D:8)
  A stone giant skeleton (Depths:1)
  A human skeleton (Vaults:4)
  A cyclops (shapeshifter) (Vaults:5)
  A naga mage (D:15)
  14 vault sentinels
  A guardian serpent (Abyss:1)
  3 ice statues (IceCv)
  13 orange demons
  4 torpor snails
  5 black mambas
  A fire giant skeleton (Abyss:2)
  7 apocalypse crabs
  17 smoke demons
  4 rust devils
  4 eyes of devastation
  5 spectral swamp worms (Depths:2)
  A gargoyle (D:10)
  6 komodo dragons
  2 hellions
  3 komodo dragons (shapeshifter)
  45 yaktaurs
  2 efreet
  A yaktaur (shapeshifter) (Depths:4)
  13 spiny frogs
  An anaconda simulacrum (Abyss:4)
  10 demonic crawlers
  A kobold demonologist (Abyss:1)
  5 rime drakes
  A tormentor (Abyss:1)
  6 freezing wraiths
  16 ancient zymes
  5 ice devils
  10 hellwings
  2 harpy zombies (Abyss:1)
  5 red devils
  50 jumping spiders
  4 tengu conjurers
  A hornet (shapeshifter) (Vaults:4)
  3 meliai (D:14)
  A meliai (shapeshifter) (Depths:2)
  A wind drake (shapeshifter) (D:13)
  7 trolls
  110 slime creatures
  A polar bear (shapeshifter) (Vaults:4)
  26 hornets
  6 polar bears
  A spriggan zombie (Depths:1)
  11 tyrant leeches
  A snapping turtle (shapeshifter) (Vaults:3)
  A blink frog (shapeshifter) (Vaults:4)
  24 blink frogs
  11 dream sheep
  A harpy skeleton (Abyss:1)
  16 hippogriffs
  6 bog bodies
  40 raiju
  A dream sheep (shapeshifter) (Vaults:5)
  11 flying skulls
  A deep troll zombie (Depths:1)
  3 shadows
  An ice dragon skeleton (Depths:1)
  3 vampires
  28 tarantellas
  A spriggan (shapeshifter) (Elf:1)
  86 redbacks
  97 starcursed masses
  6 water elementals (Depths:3)
  A tarantella (shapeshifter) (D:15)
  8 spriggans
  2 wyverns
  An ettin skeleton (Depths:1)
  11 wraiths
  10 ynoxinuls
  36 yaks
  2 hungry ghosts
  8 golden eyes
  A basilisk (shapeshifter) (Depths:1)
  13 neqoxecs
  23 vampire mosquitoes
  22 chaos spawn
  A basilisk (Lair:5)
  4 spatial vortices
  23 swamp worms
  29 insubstantial wisps
  8 wargs
  An acid dragon (shapeshifter) (Depths:3)
  13 water moccasins
  18 hell hounds
  A soldier ant (D:11)
  3 acid dragons
  A floating eye (shapeshifter) (Depths:3)
  4 porcupines
  12 swamp drakes
  40 large abominations
  9 ice beasts
  58 orc warriors
  5 sky beasts
  3 black bears (Abyss:1)
  3 black bears (shapeshifter)
  A spiny frog skeleton (Abyss:1)
  7 eyes of draining
  48 ogres
  12 boggarts
  A necrophage (D:13)
  15 centaurs
  A snapping turtle skeleton (Abyss:5)
  15 crocodiles
  5 big kobolds
  5 earth elementals
  16 bullfrogs
  A wyvern zombie (D:11)
  5 scorpions
  11 killer bees (D:11)
  9 wights
  A tengu skeleton (Depths:1)
  8 electric eels
  3 howler monkeys
  20 crimson imps
  A human simulacrum (Vaults:4)
  2 bullfrog zombies
  8 quasits
  7 jellies
  6 bullfrog skeletons
  A centaur zombie (D:10)
  6 hounds
  47 orc wizards
  38 orc priests
  8 centaur skeletons
  18 iron imps
  5 iguanas
  An iguana (shapeshifter) (Abyss:2)
  16 worker ants
  A killer bee zombie (D:8)
  2 hound skeletons
  2 worker ant zombies
  10 gnolls
  13 adders
  11 shadow imps
  16 white imps
  13 ufetubi
  An ooze (D:1)
  4 adder skeletons
  7 dart slugs (D:6)
  2 worms
  5 leopard geckos
  157 orcs
  3 ball pythons
  8 bats
  5 giant cockroaches
  A giant cockroach (shapeshifter) (Depths:3)
  14 hobgoblins
  4 jackals (D:2)
  6 quokkas
  3 frilled lizards
  16 goblins
  A jackal skeleton (D:8)
  16 kobolds
  2 leopard gecko skeletons
  A quokka skeleton (D:8)
  5 rats
  A briar patch (Abyss:5)
  A lurking horror (Abyss:2)
  A plant (Lair:1)
  10 starspawn tentacles
  5 tentacles (Abyss:2)
3018 creatures vanquished.

Vanquished Creatures (collateral kills)
  3 deep elf sorcerers (Elf:3)
  3 deep elf elementalists (Elf:3)
  A stone giant (Depths:4)
  5 deep elf annihilators (Elf:3)
  A minotaur (Gauntlet)
  2 deep elf death magi (Elf:3)
  A hydra (Swamp:4)
  A two-headed ogre (Depths:4)
  A dancing weapon (Elf:2)
  2 orc high priests (Orc:2)
  A large abomination (Elf:3)
  2 small abominations (Elf:3)
  A glowing orange brain (Vaults:3)
  A deep elf archer (Elf:3)
  An orc knight (Orc:2)
  3 orc sorcerers
  6 deep elf magi
  An orb spider (D:10)
  A cyclops (Depths:4)
  A komodo dragon (Lair:2)
  A fire elemental (Elf:3)
  4 wraiths (D:10)
  2 acid dragons (D:14)
  An ice beast (D:8)
  A black bear (Depths:4)
  An orc warrior (Orc:2)
  An ogre (Depths:4)
  A boggart (Vaults:2)
  A centaur (D:10)
  An adder (D:8)
  A centaur zombie (D:10)
  3 orc priests
  2 orc wizards
  4 white imps (Lair:2)
  6 orcs
  4 crawling corpses (Elf:3)
72 creatures vanquished.

Vanquished Creatures (others)
  A deep elf knight (Elf:2)
  A shadow wraith (Vaults:4)
  A necromancer (Depths:1)
  A flying skull (Abyss:4)
  An air elemental (Elf:2)
  A tarantella (Spider:3)
  A golden eye (Slime:3)
  A large abomination (Abyss:1)
  2 boggarts
  A killer bee (D:11)
  2 electric eels (D:6)
  A human zombie (Abyss:1)
  3 dart slugs (D:6)
  An orc (D:6)
  A quokka skeleton (D:6)
  5 briar patches (Abyss:5)
  A bush (Abyss:5)
  7 demonic plants
  3 fungi
  4 lurking horrors
  14 plants
  28 starspawn tentacles
  A tentacle (Abyss:2)
  14 withered plants (Gauntlet)
96 creatures vanquished.

Grand Total: 3186 creatures vanquished

Notes
Turn   | Place    | Note
-------+----------+-------------------------------------------
     0 | D:1      | Johnny the Troll Berserker began the quest for the Orb.
     0 | D:1      | Reached XP level 1. HP: 22/22 MP: 0/0
    73 | D:1      | Reached XP level 2. HP: 27/29 MP: 1/1
   454 | D:1      | Reached ** piety under Trog
   663 | D:2      | Reached skill level 1 in Armour
   663 | D:2      | Reached XP level 3. HP: 33/36 MP: 2/2
   838 | D:2      | Reached XP level 4. HP: 34/44 MP: 3/3
  1248 | D:3      | Noticed a sky beast
  1261 | D:3      | Killed a sky beast
  1261 | D:3      | Reached skill level 4 in Unarmed Combat
  1261 | D:3      | Reached XP level 5. HP: 31/53 MP: 4/4
  1402 | D:3      | Reached *** piety under Trog
  1443 | D:3      | Reached XP level 6. HP: 61/61 MP: 5/5
  2480 | D:4      | Noticed an orc warrior
  2491 | D:4      | Killed an orc warrior
  2491 | D:4      | Reached XP level 7. HP: 68/68 MP: 6/6
  2713 | D:4      | You fall into a shaft and drop 2 floors!
  2723 | D:6      | Found a staircase to the Ecumenical Temple.
  2742 | D:6      | Noticed Pikel
  2749 | D:6      | Killed Pikel
  2749 | D:6      | Reached skill level 5 in Unarmed Combat
  2749 | D:6      | Reached XP level 8. HP: 79/79 MP: 7/7
  2838 | D:6      | Reached **** piety under Trog
  2984 | D:5      | Entered Level 5 of the Dungeon
  3388 | D:5      | Found a sacrificial altar of Ru.
  3428 | D:5      | Reached skill level 6 in Unarmed Combat
  3481 | D:5      | Reached skill level 5 in Fighting
  3481 | D:5      | Reached skill level 5 in Dodging
  4670 | D:7      | Reached XP level 9. HP: 80/88 MP: 8/8
  4701 | D:7      | Found a stormy altar of Qazlal.
  5038 | D:7      | Reached skill level 5 in Armour
  5145 | D:8      | Reached skill level 7 in Unarmed Combat
  5164 | D:8      | Reached ***** piety under Trog
  5368 | D:8      | Noticed Maurice
  5644 | D:8      | Reached XP level 10. HP: 64/100 MP: 6/9
  5661 | D:8      | Reached skill level 8 in Unarmed Combat
  5712 | D:8      | Killed Maurice
  5758 | D:8      | Noticed Gastronok
  5775 | D:8      | Killed Gastronok
  5814 | D:8      | Noticed a two-headed hydra
  5827 | D:8      | Killed a nine-headed hydra
  5827 | D:8      | Reached skill level 9 in Unarmed Combat
  6197 | D:9      | Found a staircase to the Lair.
  6341 | D:9      | Reached XP level 11. HP: 88/109 MP: 8/10
  6378 | D:9      | You fall into a shaft and drop 1 floor!
  6378 | D:10     | Entered Level 10 of the Dungeon
  6378 | D:10     | Noticed Urug
  6388 | D:10     | Killed Urug
  6959 | D:9      | Received a gift from Trog
  7064 | D:10     | Noticed Fannar
  7070 | D:10     | Noticed Josephine
  7073 | D:10     | Killed Fannar
  7084 | D:10     | Killed Josephine
  7084 | D:10     | Reached skill level 1 in Spellcasting
  7430 | D:10     | Found an opulent altar of Gozag.
  7491 | D:10     | Noticed a two-headed ogre
  7501 | D:10     | Killed a two-headed ogre
  7501 | D:10     | Reached skill level 10 in Unarmed Combat
  7501 | D:10     | Noticed Sonja
  7542 | D:10     | Noticed Sonja
  7542 | D:10     | Sonja changed into Sonja the orb spider
  7556 | D:10     | Killed Sonja the orb spider
  7837 | D:11     | Noticed a wolf spider
  7850 | D:11     | Killed a wolf spider
  8031 | D:11     | Found a staircase to the Orcish Mines.
  8284 | D:11     | Reached XP level 12. HP: 110/122 MP: 10/13
  8362 | D:11     | Found Iwaxiqu's General Store.
  8382 | D:11     | Bought 2 scrolls of blinking for 165 gold pieces
  8382 | D:11     | Bought a scroll of summoning for 104 gold pieces
  8382 | D:11     | Bought a potion of agility for 44 gold pieces
  8382 | D:11     | Bought a scroll of teleportation for 33 gold pieces
  8866 | D:12     | Found a gate leading to a gauntlet.
  8875 | Gauntlet | Entered a Gauntlet
  8875 | Gauntlet | Found a transporter.
  8884 | Gauntlet | Found a transporter.
  8884 | Gauntlet | Noticed a death ooze
  8899 | Gauntlet | Found a transporter.
  8901 | Gauntlet | Found a large runed translucent door.
  8902 | Gauntlet | Found a large runed translucent door.
  8903 | Gauntlet | Found a large runed translucent door.
  8903 | Gauntlet | Found a large runed translucent door.
  8903 | Gauntlet | Found a runed translucent door.
  8904 | Gauntlet | Found a transporter.
  8905 | Gauntlet | Found a runed translucent door.
  8906 | Gauntlet | Found a large runed translucent door.
  8906 | Gauntlet | Found a large runed translucent door.
  8907 | Gauntlet | Found a large runed translucent door.
  8908 | Gauntlet | Found a large runed translucent door.
  8914 | Gauntlet | Found a large runed translucent door.
  8914 | Gauntlet | Found a large runed translucent door.
  8915 | Gauntlet | Found a large runed translucent door.
  8915 | Gauntlet | Found a large runed translucent door.
  8916 | Gauntlet | Found a large runed translucent door.
  8916 | Gauntlet | Found a large runed translucent door.
  8917 | Gauntlet | Found a runed translucent gate.
  8917 | Gauntlet | Found a runed translucent gate.
  8917 | Gauntlet | Found a runed translucent gate.
  8919 | Gauntlet | Found a transporter.
  8929 | Gauntlet | Found a large runed translucent door.
  8930 | Gauntlet | Found a large runed translucent door.
  8941 | Gauntlet | Found a transporter.
  8950 | Gauntlet | Found a transporter.
  8962 | Gauntlet | Found a transporter.
  8962 | Gauntlet | Noticed a cacodemon
  8973 | Gauntlet | Noticed a death yak
  8973 | Gauntlet | Noticed a death yak
  8973 | Gauntlet | Noticed a death yak
  8974 | Gauntlet | Found a transporter.
  8974 | Gauntlet | Noticed a death yak
  8982 | Gauntlet | Noticed an eight-headed hydra
  8986 | Gauntlet | Found a transporter.
  8992 | Gauntlet | Found a transporter.
  8992 | Gauntlet | Found a transporter.
  9031 | Gauntlet | Found a transporter.
  9057 | Gauntlet | Found a transporter.
  9059 | Gauntlet | Found a transporter.
  9078 | Gauntlet | Found the +2 pair of boots of the Assassin {Detection Stab+
                  | Stlth++}
  9079 | Gauntlet | Found a transporter.
  9157 | Gauntlet | Found a transporter.
  9177 | Gauntlet | Found a transporter.
  9336 | Gauntlet | Got a jewelled troll leather armour
  9408 | Gauntlet | Identified the +4 troll leather armour "Ruwitar" {-Tele
                  | Regen+ rCorr Dex+4} (You found it in a Gauntlet)
  9459 | Gauntlet | Killed a death yak
  9467 | Gauntlet | Killed a death yak
  9470 | Gauntlet | Killed a death yak
  9476 | Gauntlet | Killed a death yak
  9498 | Gauntlet | Got a wavering marble ring
  9500 | Gauntlet | Identified the ring of Moissed {rPois Slay+6} (You found it
                  | in a Gauntlet)
  9510 | Gauntlet | Noticed a minotaur
  9520 | Gauntlet | Killed a minotaur
  9762 | D:12     | Reached skill level 11 in Unarmed Combat
  9856 | D:12     | Found Ciepias's Food Boutique.
 10039 | D:13     | Found Yhumpiuzo's Distillery.
 10042 | D:13     | Bought a potion of heal wounds for 65 gold pieces
 10042 | D:13     | Bought a potion of might for 52 gold pieces
 10043 | D:13     | Noticed a two-headed ogre
 10047 | D:13     | Killed a two-headed ogre
 10384 | D:13     | Reached XP level 13. HP: 113/132 MP: 12/14
 10399 | D:13     | Found a gate to the Vaults.
 10939 | D:14     | Received a gift from Trog
 11104 | D:14     | Reached skill level 10 in Dodging
 11220 | Orc:1    | Entered Level 1 of the Orcish Mines
 11299 | Orc:1    | Reached skill level 10 in Fighting
 11799 | Orc:2    | Entered Level 2 of the Orcish Mines
 12264 | Orc:2    | Reached skill level 12 in Unarmed Combat
 12268 | Orc:2    | Found Ygyehusu's Food Emporium.
 12273 | Orc:2    | Found Cekhyhie's Magic Scroll Shoppe.
 12393 | Orc:2    | Reached skill level 10 in Armour
 12524 | Orc:2    | Found a staircase to the Elven Halls.
 12975 | Orc:2    | Bought a scroll of fog for 26 gold pieces
 12975 | Orc:2    | Bought a scroll of teleportation for 39 gold pieces
 13086 | Orc:2    | Reached XP level 14. HP: 141/144 MP: 15/17
 13185 | Orc:2    | Found Ruocluvit's Gadget Boutique.
 13185 | Orc:2    | Found a one-way gate leading to the halls of Pandemonium.
 13185 | Orc:2    | Found Biosut's Antique Weapon Shop.
 13413 | Orc:2    | Bought a scroll of enchant armour for 97 gold pieces
 13413 | Orc:2    | Bought a scroll of enchant armour for 97 gold pieces
 13413 | Orc:2    | Bought a scroll of immolation for 45 gold pieces
 13725 | Lair:1   | Entered Level 1 of the Lair of Beasts
 14450 | Lair:2   | Found a frozen archway.
 14490 | IceCv    | Entered an ice cave
 14767 | IceCv    | Got a pitted brass ring
 14772 | IceCv    | Identified the ring "Faohan" {rN+ Int-2 Dex+2 Stlth+} (You
                  | found it in an ice cave)
 15220 | Lair:2   | Reached skill level 13 in Unarmed Combat
 15736 | Lair:3   | Found a hole to the Spider Nest.
 16864 | Lair:4   | Found a staircase to the Swamp.
 17196 | Lair:5   | Found a bloodstained altar of Trog.
 17906 | Lair:6   | Entered Level 6 of the Lair of Beasts
 17980 | Lair:6   | Found a shadowy altar of Dithmenos.
 18152 | Lair:6   | Found a staircase to the Slime Pits.
 18182 | Lair:6   | Reached XP level 15. HP: 110/156 MP: 9/21
 18405 | Lair:6   | Identified a scroll of acquirement
 18579 | Lair:6   | Reached skill level 14 in Unarmed Combat
 18659 | Lair:6   | Found a burning altar of Makhleb.
 18700 | Lair:6   | Found a gateway to Hell.
 19443 | Swamp:1  | Entered Level 1 of the Swamp
 21179 | Swamp:2  | Reached skill level 15 in Unarmed Combat
 21423 | Swamp:3  | Paralysed by a hornet for 2 turns
 22031 | Swamp:3  | Reached XP level 16. HP: 170/170 MP: 22/22
 22114 | Swamp:3  | Received a gift from Trog
 22266 | Swamp:4  | Entered Level 4 of the Swamp
 22266 | Swamp:4  | Noticed a thorn hunter
 22271 | Swamp:4  | Killed a thorn hunter
 22424 | Swamp:4  | Noticed a thorn hunter
 22441 | Swamp:4  | Killed a thorn hunter
 22567 | Swamp:4  | Reached skill level 16 in Unarmed Combat
 22585 | Swamp:4  | Noticed a thorn hunter
 22605 | Swamp:4  | Killed a thorn hunter
 23027 | Swamp:4  | Got a decaying rune of Zot
 23329 | Spider:1 | Entered Level 1 of the Spider Nest
 25032 | Spider:2 | Received a gift from Trog
 25200 | Spider:2 | Reached skill level 5 in Spellcasting
 25485 | Spider:2 | Found a runed translucent door.
 25486 | Spider:2 | Found a shimmering altar of Xom.
 25486 | Spider:2 | Noticed barcode's ghost (adept BaAs)
 25498 | Spider:2 | Reached XP level 17. HP: 182/182 MP: 18/23
 25511 | Spider:2 | Killed barcode's ghost
 26160 | Spider:3 | Got a creamy pearl robe
 26270 | Spider:3 | Received a gift from Trog
 26331 | Spider:3 | Identified the cursed +0 robe of Grace {rCorr Str+3} (You
                  | found it on level 3 of the Spider Nest)
 26519 | Spider:4 | Entered Level 4 of the Spider Nest
 26573 | Spider:4 | Reached skill level 17 in Unarmed Combat
 26637 | Spider:4 | Found a runed translucent gate.
 26637 | Spider:4 | Found a runed translucent gate.
 26638 | Spider:4 | Found a runed translucent gate.
 26652 | Spider:4 | Noticed Logh's ghost (journeyman GrMo)
 26652 | Spider:4 | Noticed Nextoit's ghost (adept OgEE)
 26666 | Spider:4 | Killed Nextoit's ghost
 26669 | Spider:4 | Killed Logh's ghost
 26801 | Spider:4 | Noticed Louise
 26823 | Spider:4 | Killed Louise
 27367 | Spider:4 | Received a gift from Trog
 27689 | Spider:4 | Noticed Roxanne
 27785 | Spider:4 | Killed Roxanne
 27790 | Spider:4 | Noticed Arachne
 28096 | Spider:4 | Got a gossamer rune of Zot
 28285 | Spider:4 | Killed Arachne
 28687 | Vaults:1 | Entered Level 1 of the Vaults
 28694 | Vaults:1 | Reached skill level 15 in Fighting
 28699 | Vaults:1 | Reached XP level 18. HP: 170/193 MP: 26/26
 29370 | Vaults:1 | Received a gift from Trog
 30014 | Vaults:2 | Noticed Rupert
 30014 | Vaults:2 | Noticed Sojobo
 30014 | Vaults:2 | Noticed Frederick
 30029 | Vaults:2 | Killed Sojobo
 30037 | Vaults:2 | Killed Rupert
 30053 | Vaults:2 | Found Holi's Antique Armour Boutique.
 30576 | Vaults:2 | Killed Frederick
 30831 | Vaults:2 | Found a runed translucent gate.
 30831 | Vaults:2 | Found a runed translucent gate.
 30831 | Vaults:2 | Found a runed translucent gate.
 30832 | Vaults:2 | Noticed fritzmikael's ghost (adept GrEE)
 30890 | Vaults:2 | Reached skill level 18 in Unarmed Combat
 31114 | Vaults:2 | Found a staircase to the Crypt.
 31114 | Vaults:2 | Found a basalt altar of Yredelemnul.
 31115 | Vaults:2 | Found an ancient bone altar of Kikubaaqudgha.
 31163 | Vaults:2 | Reached XP level 19. HP: 197/201 MP: 23/28
 31846 | Elf:1    | Entered Level 1 of the Elven Halls
 31887 | Elf:1    | Noticed Aizul
 31895 | Elf:1    | Killed Aizul
 32236 | Elf:1    | Received a gift from Trog
 32268 | Elf:1    | Found a runed translucent gate.
 32268 | Elf:1    | Found a runed translucent gate.
 32268 | Elf:1    | Found a runed translucent gate.
 32268 | Elf:1    | Found a runed translucent gate.
 32268 | Elf:1    | Found a runed translucent gate.
 32629 | Elf:1    | Found a runed translucent gate.
 32655 | Elf:1    | You fall into a shaft and drop 1 floor!
 32823 | Elf:2    | Found a huge runed translucent gate.
 32823 | Elf:2    | Found a huge runed translucent gate.
 32823 | Elf:2    | Found a huge runed translucent gate.
 32824 | Elf:2    | Found a huge runed translucent gate.
 32825 | Elf:2    | Found a huge runed translucent gate.
 33102 | Elf:2    | Received a gift from Trog
 33735 | Elf:2    | Received a gift from Trog
 33988 | Elf:2    | Reached XP level 20. HP: 138/214 MP: 29/29
 34811 | Elf:3    | Entered Level 3 of the Elven Halls
 34893 | Elf:3    | Reached skill level 19 in Unarmed Combat
 34931 | Elf:3    | Received a gift from Trog
 35527 | Elf:3    | HP: 10/215 [deep elf high priest/damnation (37)]
 35767 | Elf:3    | Received a gift from Trog
 35895 | Elf:3    | Identified the ring "Raifaeni" {Ice rPois Int-5 Dex+4}
 36364 | Elf:3    | Identified the Reference Book on Attacks and Ignition
 36402 | Elf:3    | Found the +8 autumn katana {slice, Clar}
 36436 | Elf:3    | Got a translucent jade ring
 36438 | Elf:3    | Identified the ring "Qeotomo" {rPois Stlth+} (You found it
                  | on level 3 of the Elven Halls)
 36442 | Elf:3    | Got a clouded silver ring
 36443 | Elf:3    | Lost intelligence.
 36443 | Elf:3    | Identified the ring of Quxt {Fire +Inv MR+ Str+2 Int-4
                  | Dex+4} (You found it on level 3 of the Elven Halls)
 36772 | D:14     | Found a transporter.
 36776 | D:14     | Noticed Hesoupp's ghost (journeyman SpWz)
 36922 | D:14     | Found a transporter.
 37252 | D:14     | Found Nosmilya's Assorted Antiques.
 37265 | D:14     | Bought a scroll of identify for 62 gold pieces
 37417 | D:14     | Killed Hesoupp's ghost
 37421 | D:14     | Got a bound steel ring
 37444 | D:14     | Identified the ring "Dyxzet" {rElec Int+2 Slay+2} (You
                  | found it on level 14 of the Dungeon)
 37559 | D:15     | Entered Level 15 of the Dungeon
 37761 | D:15     | Noticed Jorgrun
 37772 | D:15     | Killed Jorgrun
 37827 | D:15     | Found a staircase to the Depths.
 37865 | D:15     | Noticed Agnes
 37878 | D:15     | Killed Agnes
 37878 | D:15     | Received a gift from Trog
 38510 | Depths:1 | Entered Level 1 of the Depths
 38527 | Depths:1 | Found Biulyeme's Antique Armour Shop.
 38527 | Depths:1 | Found Pivetrel's Food Boutique.
 38629 | Depths:1 | Reached XP level 21. HP: 180/224 MP: 24/30
 38787 | Depths:1 | Noticed Nikola
 38798 | Depths:1 | Killed Nikola
 38823 | Depths:1 | Reached XP level 22. HP: 200/235 MP: 31/31
 39060 | Depths:1 | Noticed Saint Roka
 39132 | Depths:1 | Killed Saint Roka
 39559 | Depths:2 | Found Kepeezuefa's Gadget Boutique.
 39561 | Depths:2 | Found Duveib's Antique Weapon Shop.
 39564 | Depths:2 | Found Jukybawk's Assorted Antiques.
 39590 | Depths:2 | Bought a potion of heal wounds for 180 gold pieces
 39590 | Depths:2 | Bought a scroll of identify for 72 gold pieces
 39590 | Depths:2 | Bought a scroll of blinking for 270 gold pieces
 39980 | Depths:2 | Found the +6 shillelagh "Devastator" {shatter}
 40107 | Depths:2 | Reached skill level 20 in Unarmed Combat
 40168 | Depths:2 | Reached skill level 15 in Dodging
 40767 | Depths:3 | Noticed a caustic shrike
 40778 | Depths:3 | Killed a caustic shrike
 40937 | Depths:3 | Noticed a golden dragon
 40940 | Depths:3 | Noticed a golden dragon
 40943 | Depths:3 | Killed a golden dragon
 40960 | Depths:3 | Killed a golden dragon
 41027 | Depths:3 | Noticed a golden dragon
 41036 | Depths:3 | Killed a golden dragon
 41036 | Depths:3 | Reached skill level 15 in Armour
 41102 | Depths:3 | Noticed a juggernaut
 41109 | Depths:3 | Killed a juggernaut
 41133 | Depths:3 | Identified the ring "Unevutab" {*Contam rC+ Str+2 Int+6}
 41160 | Depths:3 | Noticed a golden dragon
 41224 | Depths:3 | Killed a golden dragon
 41263 | Depths:3 | Got a fine cloak
 41265 | Depths:3 | Identified the +1 cloak of Decompression {rPois MR+} (You
                  | found it on level 3 of the Depths)
 42042 | Vaults:2 | Reached XP level 23. HP: 244/244 MP: 32/34
 42051 | Vaults:2 | Killed fritzmikael's ghost
 42101 | Vaults:2 | Got a heavily runed hat
 42113 | Vaults:2 | Identified the +4 hat of Good Intentions {rPois Str+5
                  | Dex-2} (You found it on level 2 of the Vaults)
 42271 | Vaults:3 | Paralysed by something for 4 turns
 42276 | Vaults:3 | HP: 3/244 [something (10)]
 43020 | Vaults:3 | Found Ziaff's Assorted Antiques.
 43025 | Vaults:3 | Bought a scroll of immolation for 140 gold pieces
 43579 | Vaults:3 | Received a gift from Trog
 43649 | Vaults:3 | Identified the +5 quarterstaff "Pays" {crush, Fragile Str+4
                  | Dex+3 Stlth+}
 43830 | Vaults:3 | Identified the amulet of Gybb {rF+ rC+ Regen+}
 44800 | Vaults:4 | Received a gift from Trog
 44818 | Vaults:4 | Reached skill level 21 in Unarmed Combat
 44857 | Vaults:4 | Got a jewelled hat
 44860 | Vaults:4 | Identified the +2 hat "Jazathoe" {-Tele rElec MR+} (You
                  | acquired it on level 4 of the Vaults)
 45299 | Vaults:4 | Found the +3 hat of Pondering {ponderous, MR+ MP+10 Int+5}
 45311 | Vaults:4 | Reached XP level 24. HP: 226/257 MP: 33/34
 45368 | Vaults:4 | Found Lagayn's Distillery.
 45377 | Vaults:4 | Bought a potion of resistance for 190 gold pieces
 45377 | Vaults:4 | Bought a potion of heal wounds for 95 gold pieces
 45377 | Vaults:4 | Bought a potion of might for 76 gold pieces
 45377 | Vaults:4 | Bought a potion of flight for 57 gold pieces
 45377 | Vaults:4 | Bought a potion of heal wounds for 95 gold pieces
 45377 | Vaults:4 | Bought a potion of curing for 57 gold pieces
 45377 | Vaults:4 | Bought a potion of curing for 57 gold pieces
 45377 | Vaults:4 | Bought a potion of curing for 57 gold pieces
 45377 | Vaults:4 | Bought a potion of invisibility for 152 gold pieces
 45377 | Vaults:4 | Bought a potion of haste for 190 gold pieces
 45377 | Vaults:4 | Bought 2 potions of magic for 304 gold pieces
 45377 | Vaults:4 | Bought a potion of lignification for 57 gold pieces
 45377 | Vaults:4 | Bought a potion of curing for 57 gold pieces
 45377 | Vaults:4 | Bought a potion of heal wounds for 95 gold pieces
 45377 | Vaults:4 | Bought a potion of brilliance for 76 gold pieces
 45773 | Vaults:5 | Entered Level 5 of the Vaults
 45793 | Vaults:5 | Reached skill level 1 in Stealth
 46298 | Vaults:5 | Noticed Boris
 46311 | Vaults:5 | Killed Boris
 46362 | Vaults:5 | Identified the amulet of Eptuluat {Spirit rPois rF- SInv
                  | Stlth+}
 46402 | Vaults:5 | Noticed an ancient lich
 46410 | Vaults:5 | Killed an ancient lich
 46410 | Vaults:5 | Received a gift from Trog
 46427 | Vaults:5 | Identified the cursed +1 robe of Gicooc {rN+++ Int-3 Dex+3
                  | Stlth+}
 46467 | Vaults:5 | Identified the cursed +1 plate armour of the Distant Future
                  | {rElec rF+ MR-}
 47212 | Vaults:5 | Reached XP level 25. HP: 267/267 MP: 34/34
 47640 | Vaults:5 | Got a silver rune of Zot
 47647 | Vaults:5 | Got a warped bronze ring
 47648 | Vaults:5 | Identified the ring "Ofucead" {rC+ rN+ MR+ Dex+2 SInv} (You
                  | found it on level 5 of the Vaults)
 47997 | Temple   | Entered the Ecumenical Temple
 48079 | Temple   | Fell from the grace of Trog
 48079 | Temple   | Became a worshipper of Cheibriados the Contemplative
 48083 | Temple   | Learned a level 2 spell: Blink
 48086 | Temple   | Learned a level 2 spell: Shroud of Golubria
 48090 | Temple   | Learned a level 3 spell: Mephitic Cloud
 48094 | Temple   | Learned a level 3 spell: Regeneration
 48097 | Temple   | Learned a level 2 spell: Passwall
 48241 | D:12     | Bought a ration for 55 gold pieces
 48241 | D:12     | Bought a ration for 55 gold pieces
 48241 | D:12     | Bought a ration for 55 gold pieces
 48241 | D:12     | Bought a ration for 55 gold pieces
 48241 | D:12     | Bought a ration for 55 gold pieces
 48241 | D:12     | Bought a ration for 55 gold pieces
 48241 | D:12     | Bought a ration for 55 gold pieces
 48241 | D:12     | Bought a ration for 55 gold pieces
 48241 | D:12     | Bought a ration for 55 gold pieces
 48241 | D:12     | Bought a ration for 55 gold pieces
 48241 | D:12     | Bought a ration for 55 gold pieces
 48241 | D:12     | Bought a ration for 55 gold pieces
 48241 | D:12     | Bought a ration for 55 gold pieces
 48241 | D:12     | Bought a ration for 55 gold pieces
 48241 | D:12     | Bought a ration for 55 gold pieces
 48345 | Orc:2    | Bought a ration for 70 gold pieces
 48345 | Orc:2    | Bought a ration for 70 gold pieces
 48345 | Orc:2    | Bought a ration for 70 gold pieces
 48345 | Orc:2    | Bought a ration for 70 gold pieces
 48345 | Orc:2    | Bought a ration for 70 gold pieces
 48345 | Orc:2    | Bought a ration for 70 gold pieces
 48345 | Orc:2    | Bought a ration for 70 gold pieces
 48345 | Orc:2    | Bought a ration for 70 gold pieces
 48345 | Orc:2    | Bought a ration for 70 gold pieces
 48345 | Orc:2    | Bought a ration for 70 gold pieces
 48345 | Orc:2    | Bought a ration for 70 gold pieces
 48539 | Depths:1 | Bought a ration for 50 gold pieces
 48539 | Depths:1 | Bought a ration for 50 gold pieces
 48539 | Depths:1 | Bought a ration for 50 gold pieces
 48539 | Depths:1 | Bought a ration for 50 gold pieces
 48539 | Depths:1 | Bought a ration for 50 gold pieces
 48539 | Depths:1 | Bought a ration for 50 gold pieces
 48539 | Depths:1 | Bought a ration for 50 gold pieces
 48539 | Depths:1 | Bought a ration for 50 gold pieces
 48539 | Depths:1 | Bought a ration for 50 gold pieces
 48611 | Depths:4 | Reached skill level 1 in Translocations
 48632 | Depths:4 | Found a one-way gate to the infinite horrors of the Abyss.
 48656 | Depths:4 | Paralysed by Trog for 5 turns
 48865 | Depths:4 | Found the +3 warlock's mirror {reflect}
 48990 | Depths:4 | Reached * piety under Cheibriados
 49472 | Depths:5 | Entered Level 5 of the Depths
 49482 | Depths:5 | Reached ** piety under Cheibriados
 49491 | Depths:5 | Found a radiant altar of Vehumet.
 49544 | Depths:5 | Reached skill level 5 in Translocations
 49608 | Depths:5 | Found a gateway to a ziggurat.
 49743 | Depths:4 | Found a runed translucent door.
 49746 | Depths:4 | Found a runed translucent door.
 49757 | Depths:4 | Reached *** piety under Cheibriados
 49775 | Depths:4 | Found a runed translucent door.
 49779 | Depths:4 | Found a runed translucent door.
 50220 | Depths:5 | Reached skill level 1 in Invocations
 50359 | Depths:5 | Found a gate to the Realm of Zot.
 50445 | Depths:5 | Reached **** piety under Cheibriados
 50687 | Depths:5 | Voluntarily entered the Abyss.
 50779 | Abyss:1  | Found a shattered altar of Ashenzari.
 50789 | Abyss:1  | Found a corrupted altar of Lugonu.
 50804 | Abyss:1  | Found an iron altar of Okawaru.
 50901 | Abyss:1  | Noticed an ancient lich
 50909 | Abyss:1  | Killed an ancient lich
 50909 | Abyss:1  | Reached skill level 5 in Invocations
 51163 | Abyss:1  | Reached ***** piety under Cheibriados
 51274 | Abyss:1  | Paralysed by accursed screaming for 1 turns
 51791 | Abyss:1  | Reached ****** piety under Cheibriados
 51798 | Abyss:1  | Reached XP level 26. HP: 177/263 MP: 30/34
 51901 | Abyss:1  | Found a corrupted altar of Lugonu.
 52153 | Abyss:1  | Reached skill level 1 in Transmutations
 52172 | Abyss:1  | Reached skill level 10 in Invocations
 52273 | Abyss:1  | Paralysed by Trog for 3 turns
 52352 | Abyss:1  | Got a shimmering robe
 52354 | Abyss:1  | Identified the cursed +0 robe of Darkness {*Contam *Slow
                  | Dex+7} (You found it on level 1 of the Abyss)
 52562 | Abyss:1  | Paralysed by Trog for 6 turns
 52680 | Abyss:1  | Reached skill level 5 in Transmutations
 53069 | Abyss:1  | Found a snail-covered altar of Cheibriados.
 53540 | Abyss:1  | Gained mutation: Your body sometimes deteriorates upon
                  | taking damage. [a neqoxec]
 53898 | Abyss:1  | Gained mutation: You are occasionally teleported next to
                  | monsters. [a neqoxec]
 53919 | Abyss:2  | Found a corrupted altar of Lugonu.
 54102 | Abyss:2  | Found a corrupted altar of Lugonu.
 54285 | Abyss:2  | Gained mutation: Your spells are a little easier to cast,
                  | but a little less powerful. [a neqoxec]
 54342 | Abyss:2  | Reached skill level 5 in Stealth
 54346 | Abyss:2  | Found a corrupted altar of Lugonu.
 54484 | Abyss:2  | Found a corrupted altar of Lugonu.
 54618 | Abyss:2  | Found a corrupted altar of Lugonu.
 54633 | Abyss:2  | Found a corrupted altar of Lugonu.
 54710 | Abyss:2  | Was forgiven by Trog
 55395 | Abyss:2  | Found a corrupted altar of Lugonu.
 55697 | Abyss:4  | Found a corrupted altar of Lugonu.
 55739 | Abyss:4  | Reached XP level 27. HP: 261/286 MP: 31/34
 55979 | Abyss:4  | Got an encrusted cloak
 56003 | Abyss:4  | Learned a level 5 spell: Blade Hands
 56050 | Abyss:4  | Reached skill level 10 in Transmutations
 56213 | Abyss:4  | Learned a level 1 spell: Infusion
 56256 | Abyss:5  | Entered Level 5 of the Abyss
 56378 | Abyss:5  | Paralysed by accursed screaming for 1 turns
 56382 | Abyss:5  | Found a corrupted altar of Lugonu.
 56447 | Abyss:5  | Got an abyssal rune of Zot
 56456 | Depths:5 | Escaped the Abyss
 56608 | Depths:5 | Learned a level 6 spell: Deflect Missiles
 56611 | Depths:5 | Learned a level 2 spell: Song of Slaying
 56845 | Vaults:1 | Identified the +0 cloak of Inference {*Drain rF++ rC+ SInv}
                  | (You found it on level 4 of the Abyss)
 57142 | Slime:1  | Entered Level 1 of the Pits of Slime
 57160 | Slime:1  | Gained mutation: You are weak. (Str -2) [a shining eye]
 57164 | Slime:1  | Lost mutation: You are weak. (Str -2) [potion of mutation]
 57164 | Slime:1  | Lost mutation: Your body sometimes deteriorates upon taking
                  | damage. [potion of mutation]
 57164 | Slime:1  | Gained mutation: Your mind is acute. (Int +2) [potion of
                  | mutation]
 57164 | Slime:1  | Gained mutation: You have a somewhat thin skeletal
                  | structure. (Dex +2, Stealth) [potion of mutation]
 57164 | Slime:1  | Lost mutation: Your mind is acute. (Int +2) [potion of
                  | mutation]
 57164 | Slime:1  | Gained mutation: You are partially covered in rugged brown
                  | scales. (AC +1, +3% HP) [potion of mutation]
 57165 | Slime:1  | Lost mutation: Your spells are a little easier to cast, but
                  | a little less powerful. [potion of mutation]
 57165 | Slime:1  | Lost mutation: You are occasionally teleported next to
                  | monsters. [potion of mutation]
 57165 | Slime:1  | Gained mutation: You are resistant to hostile enchantments.
                  | (MR+) [potion of mutation]
 57165 | Slime:1  | Gained mutation: You possess an exceptional clarity of
                  | mind. [potion of mutation]
 57351 | Slime:2  | Gained mutation: You are partially covered in iridescent
                  | scales. (AC +2) [a shining eye]
 57352 | Slime:2  | Gained mutation: Potions are less effective at restoring
                  | your health. [a shining eye]
 57937 | Slime:3  | Gained mutation: Your magical capacity is low. (-10% MP) [a
                  | shining eye]
 57939 | Slime:3  | Gained mutation: Your magical capacity is very low. (-20%
                  | MP) [a shining eye]
 57954 | Slime:3  | Gained mutation: Your magical capacity is extremely low.
                  | (-30% MP) [a shining eye]
 57966 | Slime:3  | Gained mutation: Your spells are a little easier to cast,
                  | but a little less powerful. [a shining eye]
 57974 | Slime:3  | Gained mutation: Armour fits poorly on your strangely
                  | shaped body. [a shining eye]
 57980 | Slime:3  | Lost mutation: You are resistant to hostile enchantments.
                  | (MR+) [potion of mutation]
 57980 | Slime:3  | Lost mutation: Armour fits poorly on your strangely shaped
                  | body. [potion of mutation]
 57980 | Slime:3  | Lost mutation: Your spells are a little easier to cast, but
                  | a little less powerful. [potion of mutation]
 57980 | Slime:3  | Gained mutation: Your system is resistant to poisons.
                  | (rPois) [potion of mutation]
 57980 | Slime:3  | Gained mutation: Your spells are a little harder to cast,
                  | but a little more powerful. [potion of mutation]
 58514 | Slime:2  | You fall into a shaft and drop 1 floor!
 59005 | Slime:5  | Entered Level 5 of the Pits of Slime
 59024 | Slime:5  | Noticed the Royal Jelly
 59298 | Slime:5  | Killed the Royal Jelly
 59317 | Slime:4  | Gained mutation: Your body sometimes deteriorates upon
                  | taking damage. [a shining eye]
 59568 | Slime:5  | Gained mutation: Scrolls take you a little longer to read.
                  | [a shining eye]
 59570 | Slime:5  | Gained mutation: You are frail. (-10% HP) [a shining eye]
 59644 | Slime:5  | HP: 9/265 [death ooze[the Royal Jelly] (5)]
 59646 | Slime:5  | Mangled by an acid blob

Levels and vault maps discovered:
D:1:      dpeg_arrival_orchard, layout_basic, roderic_lattice_a,
          minmay_indecisive_spiral
D:2:      cheibrodos_greedy_goblins, layout_rooms
D:3:      layout_basic
D:4:      layout_layer_cave, first_ration
D:5:      cheibrodos_quashed, layout_layer_cave, nicolae_ru_awakened_eye
D:6:      kennysheep_slugbush, layout_gridville, minmay_temple_entry_trees,
          solitary_fountain, minivault_1, uniq_pikel
D:7:      layout_basic, nicolae_overflow_hidden_temple
D:8:      layout_cave_pools, hangedman_ranch [blue_anna_fruit_fields],
          uniq_maurice, uniq_gastronok
D:9:      layout_roguey, dpeg_oklobed_lair
D:10:     layout_basic, grunt_gozag_breadcrumbs, uniq_urug, uniq_fannar,
          uniq_josephine, uniq_sonja
D:11:     layout_basic, hiddenorc2_lemuel, serial_shops, shop
D:12:     layout_big_octagon, serial_shops, shop, gauntlet_entry_generic
D:13:     layout_loops_corners, david_vaults_2, serial_shops,
          nicolae_shop_behind_doors
D:14:     layout_loops_corners, gammafunk_ghost_berserking_beasts, serial_shops,
          shop
D:15:     hangedman_depths_entry_try_elsewhere_first, layout_irregular_city,
          kennysheep_two_boxes, uniq_jorgrun, uniq_agnes
Temple:   dpeg_three_leaves_temple
Lair:1:   layout_loops_ring, chequers_serial_rivers_room_b, st_stairs_9,
          worms_lemuel
Lair:2:   layout_regular_city, portal_ice_cave_entry_imps, serial_bayou_shore_b
Lair:3:   layout_chaotic_city, nicolae_spider_entry_tight_spaces
Lair:4:   layout_misc_corridors, palyth_hydra_swamp_entry
Lair:5:   layout_long_grid, lemuel_altar_in_water2, grunt_megastairs_1
Lair:6:   evil_forest, layout_cave_pods, slime_dummy, serial_bayou,
          serial_bayou_pond_d, serial_bayou_pond_d, serial_bayou_pond_d,
          serial_bayou_shore_b, serial_bayou_lake_a, serial_bayou_pond_d,
          lemuel_oklob_altar
Swamp:1:  layout_falls_marsh, hangedman_swamp_cone, swamp_pool1
Swamp:2:  layout_falls_marsh, hangedman_swamp_pad, swamp_pool1
Swamp:3:  layout_falls_marsh, evilmike_swamp_ruin_house_3
Swamp:4:  swamp, layout_basic_swamp, swamp_pool5, infiniplex_staircase_pool
Spider:1: layout_spider_delve
Spider:2: layout_spider_delve, ebering_ghost_xom
Spider:3: layout_spider_delve
Spider:4: grunt_spider_rune_parallel, gammafunk_ghost_cemetery, uniq_arachne,
          uniq_roxanne, uniq_louise
Slime:1:  layout_caves
Slime:2:  layout_caves
Slime:3:  layout_caves
Slime:4:  layout_caves
Slime:5
Orc:1:    layout_diamond_mine, statue_in_the_mist_lemuel
Orc:2:    pf_orc_diabolical, layout_diamond_mine
Elf:1:    layout_gridlike, orc_legates, hex_intersection,
          hangedman_elf_represent, uniq_aizul
Elf:2:    layout_geoelf_grid, infiniplex_enter_wizlab_glasses, moated_statue
Elf:3:    minmay_elf_hall_x, layout_onion_city, drop_trap
Vaults:1: v_rooms_2, nicolae_vaults_network_periphery,
          ontoclasm_vaults_misaligned, v_alt_pattern_4, nicolae_vaults_theta,
          nicolae_vaults_little_squares_5, vaults_room_fancy_cross, v_misc_15,
          layout_vaults_ring, serial_glass
Vaults:2: gammafunk_vaults_ghost_tricky_traps, minmay_crypt_entry_necro_gods,
          hangedman_vaults_corner, vaults_room_hallway, ontoclasm_vaults_chip,
          vaults_room_pools, v_misc_27, ontoclasm_vaults_twist, sword_in_stone,
          v_misc_17, v_misc_13, hangedman_vaults_capsules,
          nicolae_vaults_network_quinsquares
          [nicolae_vaults_network_quincunx_subvault,
          nicolae_vaults_network_quincunx_subvault,
          nicolae_vaults_network_quincunx_subvault,
          nicolae_vaults_network_quincunx_subvault], layout_vaults_maze_snakey,
          serial_shops, shop
Vaults:3: vaults_dpeg_ring, vaults_standard_mumra_lines, v_misc_5, v_misc_11,
          st_greater_box_1, hangedman_vaults_trim, vaults_room_ringed_pool,
          v_misc_18, ontoclasm_vaults_shuriken, nicolae_vaults_gold_heap,
          hangedman_vaults_corner_blocks, hangedman_vaults_nails,
          layout_vaults_big_cross, serial_shops, shop_statue
Vaults:4: nicolae_vaults_halls_meeting, v_misc_2,
          nicolae_vaults_big_angled_halls, vaults_mumra_chevron,
          v_alt_pattern_6, v_misc_30, vaults_dpeg_diagonal,
          nicolae_vaults_little_squares_3, layout_vaults_quadrants,
          serial_shops, shop_fountains
Vaults:5: uniq_boris
Depths:1: layout_roguey, pf_dread_powers_of_hell, corexii_corridor_pit,
          grunt_pan_entry_zigzag, chequers_serial_rivers_micro_c,
          chequers_serial_rivers_small_b, kennysheep_generic_room_16,
          minmay_shoptagon, uniq_nikola, uniq_saint_roka
Depths:2: minmay_roctagon, layout_cave_shapes, pf_hell_entry_tar_river,
          grunt_pan_entry_in_and_out, minmay_misc_feat_encased,
          infiniplex_staircase_diamond, minmay_shop_star
Depths:3: minmay_nine_rooms, layout_basic, hell_entry, rand_demon_pan_entry_5,
          hangedman_decor_opposing, kennysheep_generic_room_14,
          infiniplex_staircase_trident, firewood_loft
Depths:4: impenetrable_vault, layout_gridlike, chequers_serial_rivers_micro_e,
          grunt_hell_horde, abyss_entry, minmay_staircase_bubble
Depths:5: grunt_zot_entry_alcove, layout_twisted_cross, enter_ziggurat_b,
          old_standard_altar, grunt_pan_entry_sceptre, abyss_entry, hell_entry

Skill      XL: |  1  2  3  4  5  6  7  8  9 10 11 12 13 14 15 16 17 18 19 20 21 22 23 24 25 26 27 |
---------------+----------------------------------------------------------------------------------+-----
Armour         | 1 2 3 4 5 7 8 9 10 11 12 13 14 15 16 | 16.7
Dodging        | 3 4 5 6 7 8 9 10 11 12 13 14 15 16 | 16.9
Fighting       | 3 4 5 6 7 8 9 10 11 13 14 15 16 17 18 | 18.8
Unarmed Combat | 4 5 6 7 9 10 11 12 13 15 16 17 18 19 20 21 | 21.7
Spellcasting   | 1 2 4 5 6 7 8 |  8.1
Stealth        | 3 4 7 9 |  9.5
Translocations | 8 9 |  9.7
Invocations    | 9 10 | 10.0
Transmutations | 9 11 | 11.9

Action                   |  1- 3 |  4- 6 |  7- 9 | 10-12 | 13-15 | 16-18 | 19-21 | 22-24 | 25-27 || total
-------------------------+-------+-------+-------+-------+-------+-------+-------+-------+-------++-------
Melee: Unarmed           |   115 |   150 |   309 |   611 |  1217 |  1157 |   899 |  1273 |  1911 ||  7642
       Punch             |     1 |     2 |    11 |    29 |   105 |   124 |    89 |   185 |   239 ||   785
Throw: Throwing net      |       |       |       |       |       |     1 |       |       |       ||     1
 Cast: Blink             |       |       |       |       |       |       |       |       |     9 ||     9
       Blade Hands       |       |       |       |       |       |       |       |       |    27 ||    27
Invok: Berserk           |       |     3 |     4 |    15 |    29 |    24 |    12 |    10 |       ||    97
       Trog's Hand       |       |       |     1 |     3 |    18 |    19 |    17 |    10 |       ||    68
       Brothers in Arms  |       |       |       |     4 |     8 |     4 |    17 |     4 |       ||    37
       Slouch            |       |       |       |       |       |       |       |       |    22 ||    22
       Step From Time    |       |       |       |       |       |       |       |       |     1 ||     1
Evoke: Wand              |       |       |    10 |    15 |    28 |    41 |     1 |     9 |     9 ||   113
       Lightning rod     |       |       |       |       |     5 |     9 |       |       |       ||    14
       Phial of floods   |       |       |       |       |       |     2 |     1 |       |       ||     3
       Lamp of fire      |       |       |       |       |       |     2 |     1 |     2 |       ||     5
       Box of beasts     |       |       |       |       |       |       |       |     4 |       ||     4
  Use: Scroll            |       |       |       |     8 |    17 |    20 |    22 |    17 |    16 ||   100
       Potion            |       |       |       |     1 |     1 |     8 |     9 |     5 |    24 ||    48
 Stab: Sleeping          |       |       |       |     1 |     1 |       |       |       |       ||     2
       Paralysed         |       |       |       |       |     1 |     4 |       |       |     2 ||     7
       Confused          |       |       |       |       |       |     1 |       |       |       ||     1
       Distracted        |       |       |       |       |       |     1 |     2 |     1 |       ||     4
  Eat: Chunk             |    11 |    19 |    34 |    59 |   139 |    87 |    71 |    90 |    43 ||   553
       Ration            |       |       |       |     2 |       |    10 |     7 |       |    16 ||    35
Armor: Animal skin       |    62 |    59 |    84 |    64 |       |       |       |       |       ||   269
       Troll leather arm |       |       |       |   107 |   242 |       |       |       |       ||   349
       Robe              |       |       |       |    10 |    17 |       |       |       |       ||    27
       Storm dragon scal |       |       |       |       |   346 |   998 |   421 |   135 |       ||  1900
       Skin              |       |       |       |       |       |    37 |       |       |       ||    37
       Gold dragon scale |       |       |       |       |       |       |       |   597 |   913 ||  1510
       Shadow dragon sca |       |       |       |       |       |       |       |    33 |       ||    33
       Acid dragon scale |       |       |       |       |       |       |       |       |    74 ||    74
Dodge: Dodged            |    69 |    73 |   211 |   337 |   760 |   765 |   443 |   537 |  1667 ||  4862
